 Dungeon Crawl Stone Soup version 0.31.0-9-g3a7656b989 (webtiles) character file.

Game seed: 17793689223037245096

2888 qw the Markself (level 9, 0/50 HPs)
             Began as a Deep Elf Hunter on Feb 2, 2024.
             Was a Follower of Okawaru.
             Succumbed to Maurice's poison
             ... on level 7 of the Dungeon.
             The game lasted 00:00:27 (5184 turns).

qw the Markself (Deep Elf Hunter)                   Turns: 5184, Time: 00:00:28

Health: 0/50       AC:  9    Str: 14    XL:     9   Next: 48%
Magic:  8/12       EV: 18    Int: 15    God:    Okawaru [*.....]
Gold:   108        SH:  0    Dex: 22    Spells: 8/8 levels left

rFire   . . .        i - +0 arbalest
rCold   . . .        (shield currently unavailable)
rNeg    . . .        m - +0 ring mail
rPois   .            g - +2 hat
rElec   .            (no cloak)
rCorr   +            d - +0 pair of gloves
SInv    .            (no boots)
Will    .....        (no amulet)
Stlth   +++          f - +6 ring of strength
HPRegen 0.28/turn    b - ring of resist corrosion
MPRegen 0.13/turn

%: no passive effects
@: lethally poisoned (0 -> -5), heroic, hasted, very quick
A: no striking features
a: Renounce Religion, Heroism


You were on level 7 of the Dungeon.
You worshipped Okawaru.
Okawaru was aware of your devotion.
You visited 2 branches of the dungeon, and saw 8 of its levels.
You also visited: Ossuary.

You collected 369 gold pieces.
You spent 261 gold pieces at shops.


   Skills:
 + Level 3.0(8.0) Fighting
 - Level 18.7(23.7) Ranged Weapons
 - Level 1.6(6.6) Armour
 - Level 6.0(11.0) Dodging
 - Level 1.2(6.2) Stealth
 + Level 2.0 Invocations


You had 8 spell levels left.
You didn't know any spells.
Your spell library was empty.

Inventory:

Hand Weapons
 i - a +0 arbalest (weapon)
Armour
 d - a +0 pair of gloves (worn)
 g - a +2 hat (worn)
 m - a +0 ring mail (worn)
Jewellery
 b - a ring of resist corrosion (right hand)
 f - a +6 ring of strength (left hand)
Scrolls
 h - a scroll of teleportation
Potions
 c - 2 potions of cancellation
 e - a potion of resistance
 j - 2 potions of curing
 k - 2 potions of brilliance {unknown}
 l - a potion of berserk rage {unknown}
 o - a potion of mutation {unknown}
 r - a potion of attraction {unknown}

Dungeon Overview and Level Annotations

Branches:
Dungeon (7/15)             Temple (1/1) D:5         Ossuary (visited)

Altars:
Ashenzari
Cheibriados
Dithmenos
Elyvilon
Fedhas
Gozag
Hepliaklqana
Kikubaaqudgha
Makhleb
Nemelex Xobeh
Okawaru
Qazlal
Ru
Sif Muna
Trog
Uskayaw
Vehumet
Wu Jian
Xom
Yredelemnul
Zin
The Shining One

Shops:
D:1 *   D:4 [   D:6 !

Annotations:
D:7 Maurice


Message History

The phantom completely misses you.
You shoot a bolt. The bolt hits the phantom!!
You destroy the phantom!
Okawaru accepts your kill.
Your Dodging skill increases to level 6!
Your Invocations skill increases to level 2!
As you open the large door, it creaks loudly!
There is a large open door here.
Maurice the Thief comes into view.
He is wielding a +4 short sword of venom and carrying a wand of mindburst.
Maurice shouts!
Maurice gestures wildly while chanting.
Maurice blinks!
5175 ||| INVOKING Heroism.
You gain the combat prowess of a mighty hero.
Maurice zaps a wand.
Your mind is blasted!
5176 ||| DRINKING potion of haste.
You feel yourself speed up.
You shoot a bolt. The bolt barely misses Maurice.
You shoot a bolt. The bolt hits Maurice!
Maurice is moderately wounded.
Maurice zaps a wand.
You resist with significant effort.
You shoot a bolt. The bolt hits Maurice!
Maurice is moderately wounded.
Maurice zaps a wand.
Your mind is blasted!
You shoot a bolt. The bolt closely misses Maurice.
You shoot a bolt. The bolt barely misses Maurice.
Maurice gestures wildly while chanting.
Maurice flickers and vanishes!
Deactivating autopickup; reactivate with Ctrl-A.
You shoot a bolt.
You hear a zap.
Your mind is blasted!
You shoot a bolt. Something hits you.
Something steals your ring of protection from cold!
You are lethally poisoned!
Something bites you.
You feel your power leaking away. Something drains your magic.
You shoot a bolt.
You die...

..#####....# #...........###
...###.....# #..#...#.......###
....#......#.
...#...##.........
..#........#..
...#..######..#### ###..#....##
.##..#...###......#.
####....##......#....#.|.#.....
##....#......#..<.....##....
#.....#..##{.#............##
##....#....@.#.........#.#..
###..#......#........##....
##..#..##..#........##....
#...#......#.........#....
###.#......#......#.......
#.#..##..#......#..##...
####....##..)...........
###''###..#...#.......
#.........#####....#..


There were no monsters in sight!

Vanquished Creatures
  Duvessa (D:6)
  2 ice beasts (D:5)
  2 sky beasts (D:7)
  An orc warrior (D:7)
  A black bear (D:7)
  2 ogres (D:5)
  A centaur (D:5)
  3 phantoms
  2 scorpions
  A wight (Ossuary)
  Dowan (D:6)
  A bombardier beetle (D:5)
  3 hounds (D:5)
  An orc priest (D:7)
  A centaur skeleton (Ossuary)
  An iguana (D:7)
  Natasha (twice) (D:2)
  2 orc wizards
  A crocodile zombie (Ossuary)
  10 mummies (Ossuary)
  3 gnolls (D:3)
  12 adders
  2 ufetubi (D:6)
  2 ribbon worms (D:3)
  4 dart slugs
  9 orcs
  8 endoplasms
  11 giant cockroaches
  6 goblins
  5 hobgoblins
  6 jackals
  A kobold (D:3)
  3 quokkas
  6 ball pythons
  4 bats
  3 frilled lizards (D:1)
  2 gnoll skeletons (Ossuary)
  3 kobold skeletons (Ossuary)
  2 orc skeletons (Ossuary)
  2 rats
  10 spectral rats (Ossuary)
143 creatures vanquished.

Notes
Turn   | Place    | Note
-------+----------+-------------------------------------------
     0 | D:1      | qw the Deep Elf Hunter began the quest for the Orb.
     0 | D:1      | Reached XP level 1. HP: 12/12 MP: 3/3
     0 | D:1      | 0 ||| qw: Version: 0.3-a-155-g5e7d8dd
     0 | D:1      | 0 ||| qw: Game counter: 1807
     0 | D:1      | 0 ||| qw: Melee chars always use a shield: true
     0 | D:1      | 0 ||| qw: God list: Okawaru
     0 | D:1      | 0 ||| qw: Allow faded altars: false
     0 | D:1      | 0 ||| qw: Do Orc after clearing Dungeon:15 true
     0 | D:1      | 0 ||| qw: Do second Lair branch before Depths: true
     0 | D:1      | 0 ||| qw: Lair rune preference: random
     0 | D:1      | 0 ||| qw: Goals: Normal
     0 | D:1      | 0 ||| PLANNING D:1-11
   134 | D:1      | Reached XP level 2. HP: 10/16 MP: 4/4
   197 | D:1      | Reached skill level 6 in Ranged Weapons
   230 | D:1      | Found Xooh's Assorted Antiques.
   233 | D:1      | 233 ||| SHOPLISTING notched onyx ring (120 gold, have 56).
   233 | D:1      | 233 ||| BUYING scroll labelled ACOSEA XEPNON (24 gold).
   233 | D:1      | Bought a scroll labelled ACOSEA XEPNON for 24 gold pieces
   233 | D:1      | 233 ||| BUYING scroll labelled SUIL BAJEEXED (24 gold).
   233 | D:1      | Bought a scroll labelled SUIL BAJEEXED for 24 gold pieces
   233 | D:1      | 233 ||| SHOPLISTING scroll labelled VOYMENN BOSO (24 gold,
                  | have 8).
   233 | D:1      | 233 ||| SHOPLISTING scroll labelled ZOGGIFUMAO (24 gold,
                  | have 8).
   512 | D:1      | 512 ||| UPGRADING to +0 ring mail.
   522 | D:1      | 522 ||| DROPPING +0 leather armour.
   523 | D:1      | 523 ||| UPGRADING to +6 ring of strength.
   524 | D:1      | 524 ||| READING scroll labelled IPUWAJ SIREGG.
   525 | D:1      | 525 ||| READING scroll labelled ZIFEOL GAUF.
   525 | D:1      | 525 ||| ENCHANTING +0 shortbow.
   526 | D:1      | 526 ||| READING 2 scrolls labelled ACOSEA XEPNON.
   527 | D:1      | 527 ||| READING scroll labelled SUIL BAJEEXED.
   628 | D:1      | 628 ||| READING scroll labelled FIOMPI RO EH OLA.
   629 | D:1      | 629 ||| DROPPING scroll of butterflies.
   630 | D:1      | 630 ||| DROPPING scroll of amnesia.
   762 | D:2      | Reached XP level 3. HP: 20/20 MP: 5/5
   795 | D:2      | 795 ||| FLEEEEING.
   835 | D:2      | Reached skill level 7 in Ranged Weapons
  1007 | D:2      | Reached XP level 4. HP: 25/25 MP: 6/6
  1185 | D:2      | Noticed Natasha
  1189 | D:2      | Killed Natasha
  1348 | D:2      | Noticed Natasha
  1353 | D:2      | Killed Natasha
  1354 | D:2      | Reached skill level 8 in Ranged Weapons
  1474 | D:2      | 1474 ||| UPGRADING to ring of resist corrosion.
  1475 | D:2      | 1475 ||| READING scroll labelled ZYROHE FUARA.
  1687 | D:3      | Reached XP level 5. HP: 27/29 MP: 7/7
  1888 | D:3      | 1888 ||| READING 3 scrolls of enchant weapon.
  1888 | D:3      | 1888 ||| ENCHANTING +1 shortbow.
  1889 | D:3      | 1889 ||| READING 2 scrolls of enchant weapon.
  1889 | D:3      | 1889 ||| ENCHANTING +2 shortbow.
  1890 | D:3      | 1890 ||| READING scroll of enchant weapon.
  1890 | D:3      | 1890 ||| ENCHANTING +3 shortbow.
  2030 | D:3      | Reached skill level 9 in Ranged Weapons
  2055 | D:3      | Reached skill level 3 in Dodging
  2238 | D:3      | 2238 ||| READING scroll labelled ZOGGIFUMAO.
  2238 | D:3      | 2238 ||| IDENTIFYING bubbling orange potion
  2451 | D:4      | Found Qaave's Antique Armour Emporium.
  2460 | D:4      | 2460 ||| BUYING pair of gloves (103 gold).
  2460 | D:4      | Bought a pair of gloves for 103 gold pieces
  2486 | D:4      | Found a glowing silver altar of Zin.
  2486 | D:4      | Found a shimmering blue altar of Sif Muna.
  2503 | D:4      | Reached XP level 6. HP: 35/35 MP: 8/8
  2663 | D:4      | 2663 ||| UPGRADING to +0 pair of gloves.
  2668 | D:4      | 2668 ||| READING scroll labelled VUAKISCHA TUEH ERU.
  2670 | D:4      | 2670 ||| Stepping ~*~*~tactically~*~*~ (cloud).
  2773 | D:5      | Entered Level 5 of the Dungeon
  2774 | D:5      | 2774 ||| PLANNING OSSUARY
  2836 | D:5      | Reached skill level 10 in Ranged Weapons
  2856 | D:5      | You fall into a shaft and drop 1 floor!
  2871 | D:6      | 2871 ||| READING scroll labelled ODDOIN BUSSU.
  2896 | D:5      | Reached skill level 1 in Armour
  2964 | D:5      | Found a staircase to the Ecumenical Temple.
  2974 | D:5      | Reached XP level 7. HP: 40/40 MP: 9/9
  3042 | D:5      | Found a sand-covered staircase.
  3043 | D:5      | 3043 ||| UPGRADING to +2 hat.
  3048 | D:5      | 3048 ||| READING scroll labelled VOYMENN BOSO.
  3049 | D:5      | 3049 ||| DRINKING 2 bubbling golden potions.
  3054 | Ossuary  | Entered an ossuary
  3133 | Ossuary  | 3133 ||| READING scroll of enchant weapon.
  3133 | Ossuary  | 3133 ||| ENCHANTING +4 shortbow.
  3144 | Ossuary  | Reached skill level 11 in Ranged Weapons
  3290 | Ossuary  | HP: 7/40 [wight/+1 great sword (17)]
  3486 | Ossuary  | 3486 ||| READING scroll of identify.
  3486 | Ossuary  | 3486 ||| IDENTIFYING fizzy dark potion
  3487 | Ossuary  | 3487 ||| DRINKING potion of experience.
  3487 | Ossuary  | Reached skill level 18 in Ranged Weapons
  3487 | Ossuary  | Reached XP level 8. HP: 44/44 MP: 10/10
  3488 | Ossuary  | 3488 ||| READING scroll labelled AGOYCL XATEUF.
  3489 | Ossuary  | 3489 ||| READING scroll labelled FUXUTOTYOM.
  3492 | Ossuary  | 3492 ||| DRINKING 2 glowing emerald potions.
  3493 | Ossuary  | 3493 ||| DRINKING 2 ruby potions.
  3494 | Ossuary  | 3494 ||| DRINKING 3 sedimented purple potions.
  3495 | Ossuary  | 3495 ||| DROPPING potion of magic.
  3505 | D:5      | 3505 ||| PLANNING TEMPLE
  3528 | Temple   | Entered the Ecumenical Temple
  3529 | Temple   | 3529 ||| PLANNING OKAWARU WORSHIP
  3542 | Temple   | Became a worshipper of Warmaster Okawaru
  3543 | Temple   | 3543 ||| PLANNING D:1-11
  3680 | D:5      | Found a glowing golden altar of the Shining One.
  3787 | D:5      | Reached XP level 9. HP: 49/49 MP: 11/11
  4140 | D:6      | Found Besm's Distillery.
  4156 | D:6      | 4156 ||| BUYING potion of cancellation (80 gold).
  4156 | D:6      | Bought a potion of cancellation for 80 gold pieces
  4156 | D:6      | 4156 ||| BUYING potion of curing (30 gold).
  4156 | D:6      | Bought a potion of curing for 30 gold pieces
  4156 | D:6      | 4156 ||| SHOPLISTING potion of curing (30 gold, have 0).
  4156 | D:6      | 4156 ||| SHOPLISTING potion of heal wounds (50 gold, have
                  | 0).
  4156 | D:6      | 4156 ||| SHOPLISTING potion of might (40 gold, have 0).
  4156 | D:6      | 4156 ||| SHOPLISTING potion of mutation (80 gold, have 0).
  4156 | D:6      | 4156 ||| SHOPLISTING potion of resistance (100 gold, have
                  | 0).
  4169 | D:6      | Reached skill level 3 in Fighting
  4282 | D:6      | 4282 ||| SWAPPING to +0 arbalest.
  4283 | D:6      | 4283 ||| DROPPING +5 shortbow.
  4421 | D:6      | Found a bloodstained altar of Trog.
  4509 | D:6      | Noticed Duvessa
  4510 | D:6      | Noticed Dowan
  4516 | D:6      | Killed Duvessa
  4518 | D:6      | 4518 ||| DRINKING 2 potions of haste.
  4524 | D:6      | Killed Dowan
  4789 | D:7      | Reached * piety under Okawaru
  4927 | D:7      | Found a sparkling altar of Nemelex Xobeh.
  4952 | D:7      | Reached skill level 1 in Invocations
  5160 | D:7      | Reached skill level 6 in Dodging
  5174 | D:7      | Noticed Maurice
  5175 | D:7      | 5175 ||| INVOKING Heroism.
  5176 | D:7      | 5176 ||| DRINKING potion of haste.
  5182 | D:7      | HP: 9/50 [disintegration (13)]
  5183 | D:7      | Something stole a ring of protection from cold
  5183 | D:7      | HP: 2/50 [something (4)]
  5184 | D:7      | Succumbed to Maurice's poison

Levels and vault maps discovered:
D:1:      dpeg_arrival_rooms_c, layout_basic, serial_shops, nicolae_shop_trees
D:2:      layout_loops_ring, uniq_natasha
D:3:      layout_basic, serial_park_tiny_pond, hangedman_decor_peaks_small
D:4:      layout_rooms, mainiacjoe_overflow_large_starburst, serial_shops,
          nicolae_lakefront_shop
D:5:      layout_gridville, mainiacjoe_overflow_alcove_4,
          minmay_temple_entry_sparse_star, nicolae_ossuary_entry_ruins
D:6:      layout_basic, marbit_many_paths, serial_shops,
          nicolae_shop_window_shopping, minmay_strange_pillars, uniq_duvessa
D:7:      layout_cave_pools, nemelex_diamond_rough_becter,
          serial_library_hellmonk_long_bookcase, uniq_maurice
Temple:   nicolae_temple_bog_church

Skill      XL: |  1  2  3  4  5  6  7  8  9 |
---------------+----------------------------+-----
Ranged Weapons | 6 7 8 9 10 18 | 18.7
Dodging        | 3 4 6 |  6.0
Fighting       | 2 3 |  3.0
Armour         | 1 |  1.6
Invocations    | 2 |  2.0
Stealth        | |  1.2

Action                     |  1- 3 |  4- 6 |  7- 9 || total
---------------------------+-------+-------+-------++-------
   Fire: Shortbow          |    82 |   166 |   121 ||   369
         Arbalest          |       |       |    81 ||    81
 Invoke: Heroism           |       |       |     1 ||     1
    Use: Scroll            |     5 |     7 |     5 ||    17
         Potion            |       |       |     7 ||     7
 Armour: Leather armour    |     8 |       |       ||     8
         Ring mail         |    16 |    27 |    45 ||    88
  Dodge: Dodged            |    13 |    25 |    62 ||   100

Table legend:
 A = Non-vault XP
 B = Vault XP
 C = Vault XP percentage of total XP
 D = Non-vault monster count
 E = Vault monster count
 F = Vault count percentage of total count
                 A         B        C        D         E       F
            +---------+---------+-------+---------+---------+-------
      Total |    2312 |     613 |  21.0 |     109 |      34 |  23.8
            +---------+---------+-------+---------+---------+-------
        D:1 |      32 |       0 |   0.0 |      17 |       0 |   0.0
        D:2 |     109 |      35 |  24.3 |      16 |       1 |   5.9
        D:3 |     169 |       0 |   0.0 |      30 |       0 |   0.0
        D:4 |     169 |       0 |   0.0 |      15 |       0 |   0.0
        D:5 |     820 |       0 |   0.0 |      16 |       0 |   0.0
        D:6 |     203 |     238 |  54.0 |       4 |       3 |  42.9
        D:7 |     810 |       0 |   0.0 |      11 |       0 |   0.0
    Ossuary |       0 |     340 | 100.0 |       0 |      30 | 100.0
            +---------+---------+-------+---------+---------+-------
